 Dungeon Crawl Stone Soup version 0.22.1-1-ga44c0e5 (webtiles) character file.

342 Lauz the Covert (level 6, -4/44 HPs)
             Began as a Vampire Assassin on Oct 29, 2018.
             Was a Follower of Sif Muna.
             Slain by a phantom (9 damage)
             ... on level 5 of the Dungeon.
             The game lasted 00:18:03 (5153 turns).

Lauz the Covert (Vampire Assassin)                  Turns: 5153, Time: 00:18:04

Health: -4/44      AC:  3    Str: 10    XL:     6   Next: 30%
Magic:  6/6        EV: 12    Int: 14    God:    Sif Muna [*.....]
Gold:   331        SH:  0    Dex: 17    Spells: 5/5 levels left

rFire    . . .     SeeInvis +   a - +2 dagger
rCold    + + .     Gourm    .   (no shield)
rNeg     + + +     Faith    .   c - +0 robe
rPois    ∞         Spirit   .   (no helmet)
rElec    .         Reflect  .   d - +0 cloak
rCorr    .         Harm     +   (no gloves)
MR       .....                  (no boots)
Stlth    ++++++....             z - amulet of harm
HPRegen  0.00/turn              (no ring)
MPRegen  0.10/turn              (no ring)

@: bloodless, non-regenerating
A: fangs 3, see invisible, unbreathing
a: Bat Form, Divine Energy, Renounce Religion


You were on level 5 of the Dungeon.
You worshipped Sif Muna.
Sif Muna was aware of your devotion.
You were bloodless.

You visited 1 branch of the dungeon, and saw 5 of its levels.

You collected 331 gold pieces.

Inventory:

Hand Weapons
 a - a +2 dagger (weapon)
 b - a +0 blowgun
 h - a +1 hunting sling of freezing
 y - a +0 dagger of protection
Missiles
 e - 27 poisoned needles
 q - 55 stones (quivered)
 r - a curare-tipped needle
Armour
 c - a +0 robe (worn)
 d - a +0 cloak (worn)
 w - a +0 pair of boots
Magical Staves
 t - an uncursed staff of summoning
Jewellery
 z - an amulet of harm (around neck)
Scrolls
 f - a scroll of magic mapping {unknown}
 j - 7 scrolls of identify
 k - a scroll of random uselessness {unknown}
 l - a scroll of teleportation {unknown}
 s - 2 scrolls of enchant weapon {unknown}
 u - 2 scrolls of amnesia {unknown}
 x - 3 scrolls of remove curse {unknown}
 A - a scroll of blinking {unknown}
 B - a scroll of fear {unknown}
Potions
 g - a potion of lignification {unknown}
 i - 2 potions of agility {unknown}
 m - a potion of ambrosia {unknown}
 n - a potion of haste {unknown}
 o - 2 potions of degeneration {unknown}
 p - a potion of heal wounds {unknown}
 v - a potion of flight {unknown}


   Skills:
 - Level 1.7 Fighting
 * Level 4.6 Short Blades
 - Level 3.0 Throwing
 - Level 1.1 Dodging
 * Level 8.8 Stealth


You had 5 spell levels left.
You didn't know any spells.
Your spell library was empty.

Dungeon Overview and Level Annotations

Branches:
Dungeon (5/15)
 Temple: D:4-7

Altars:
Cheibriados
Makhleb
Qazlal
Ru
Sif Muna
Trog
Yredelemnul
Zin

Shops:
D:4 (

Annotations:
D:4 2 transporters, SaintRoka's ghost, amateur DDEE


Innate Abilities, Weirdness & Mutations

You do not heal naturally.
You are immune to poison.
You have razor-sharp teeth.
You have supernaturally acute eyesight. (SInv)
You can survive without breathing.


Message History

The adder skeleton is severely damaged.
The adder skeleton bites you.
* * * LOW HITPOINT WARNING * * *
You hit the adder skeleton.
The adder skeleton is severely damaged.
The phantom blinks!
You hit the adder skeleton.
The adder skeleton is almost destroyed.
The adder skeleton bites you but does no damage.
You hit the adder skeleton.
You destroy the adder skeleton!
Sif Muna accepts your kill.
The phantom blinks!
The phantom barely misses you.
You hit the phantom but do no damage. You bite the phantom, but do no damage.
The phantom is severely damaged.
You miss the phantom.
The phantom is severely damaged.
The phantom hits you!
You die...

##### #...#
########...#
#..........#
#.#....#.###
#....#.#
#.W%.#.#
#.@..#.#
#....#.#
#....#.#
#....#.#
#§...#.#
.....#.#
..#####.#
... #.# ...#
#.#


You could see a phantom.

Vanquished Creatures
  An ogre (D:4)
  A hound (D:4)
  An orc priest (D:3)
  An orc wizard (D:3)
  An iguana (D:4)
  A hound zombie (D:5)
  Robin (D:2)
  A gnoll (D:1)
  4 adders (D:3)
  2 oozes
  An adder skeleton (D:5)
  A dart slug (D:2)
  5 orcs
  5 bats
  2 giant cockroaches (D:1)
  5 goblins
  10 hobgoblins
  6 kobolds
  3 quokkas
  A ball python (D:3)
  6 frilled lizards
  6 rats
65 creatures vanquished.

Notes
Turn   | Place    | Note
-------+----------+-------------------------------------------
     0 | D:1      | Lauz the Vampire Assassin began the quest for the Orb.
     0 | D:1      | Reached XP level 1. HP: 16/16 MP: 1/1
    72 | D:1      | Reached skill level 6 in Stealth
   452 | D:1      | Reached XP level 2. HP: 22/22 MP: 2/2
   964 | D:2      | Reached XP level 3. HP: 27/27 MP: 3/3
  1195 | D:2      | Found a basalt altar of Yredelemnul.
  1199 | D:2      | Found a snail-covered altar of Cheibriados.
  1264 | D:2      | Found a faded altar of an unknown god.
  1272 | D:2      | Became a worshipper of Sif Muna the Loreminder
  1272 | D:2      | Reached * piety under Sif Muna
  1361 | D:2      | Noticed Robin
  1370 | D:2      | Killed Robin
  1370 | D:2      | Reached XP level 4. HP: 28/33 MP: 4/4
  1661 | D:3      | Found a glowing silver altar of Zin.
  1846 | D:3      | Found a burning altar of Makhleb.
  1846 | D:3      | Found a bloodstained altar of Trog.
  1847 | D:3      | Found a sacrificial altar of Ru.
  1867 | D:3      | Reached skill level 7 in Stealth
  3023 | D:3      | Reached XP level 5. HP: 34/38 MP: 5/5
  3949 | D:4      | Found a stormy altar of Qazlal.
  3971 | D:4      | Noticed an ogre
  3979 | D:4      | Killed an ogre
  3979 | D:4      | Reached skill level 8 in Stealth
  3979 | D:4      | Reached XP level 6. HP: 44/44 MP: 6/6
  4150 | D:4      | Found Yrchanitt's Antique Weapon Shop.
  4160 | D:4      | Found a transporter.
  4164 | D:4      | Noticed SaintRoka's ghost (amateur DDEE)
  4897 | D:4      | Found a transporter.
  4942 | D:5      | Entered Level 5 of the Dungeon
  5153 | D:5      | Slain by a phantom

Skill      XL: |  1  2  3  4  5 |
---------------+----------------+-----
Stealth        | 6 7 8 |  8.8
Throwing       | 2 3 |  3.0
Short Blades   | 3 4 |  4.6
Fighting       | |  1.7
Dodging        | |  1.1

Action                   |  1- 3 |  4- 6 || total
-------------------------+-------+-------++-------
Melee: Dagger            |    49 |   136 ||   185
       Bite              |     3 |    13 ||    16
 Fire: Blowgun           |    59 |    25 ||    84
Throw: Stone             |     7 |    11 ||    18
 Abil: End Transformatio |     1 |     2 ||     3
       Bat Form          |     1 |     2 ||     3
  Use: Scroll            |       |     1 ||     1
       Potion            |       |     1 ||     1
 Stab: Sleeping          |     2 |     9 ||    11
       Distracted        |     1 |       ||     1
  Eat: Corpse            |     1 |     4 ||     5
Armor: Robe              |     6 |     7 ||    13
Dodge: Dodged            |    32 |    59 ||    91
